 Dungeon Crawl Stone Soup version 0.19.0-19-g8c6edcc (console) character file.

119 Kloppie the Cudgeler (level 4, -1/60 HPs)
             Began as a Draconian Berserker on Nov 13, 2016.
             Was a Believer of Trog.
             Slain by a quokka (2 damage)
             ... on level 3 of the Dungeon.
             The game lasted 00:02:16 (1643 turns).

Kloppie the Cudgeler (Draconian Berserker)          Turns: 1643, Time: 00:02:16

Health: -1/60      AC:  5    Str: 24    XL:     4   Next: 74%
Magic:  4/4        EV: 13    Int:  7    God:    Trog [**....]
Gold:   127        SH:  0    Dex: 12    Spells: 0 memorised, 3 levels left

rFire  . . .     SeeInvis .     a - +0 mace
rCold  . . .     Gourm    .     (armour unavailable)
rNeg   . . .     Faith    .     (no shield)
rPois  .         Spirit   .     (helmet restricted)
rElec  .         Reflect  .     (no cloak)
rCorr  .         Harm     .     (no gloves)
MR     ++...                    (no boots)
Stlth  ..........               (no amulet)
                                (no ring)
                                (no ring)

@: berserking, regenerating, very quick
A: unfitting armour, cold-blooded, AC +5
a: Berserk, Trog's Hand, Burn Spellbooks, Renounce Religion


You were on level 3 of the Dungeon.
You worshipped Trog.
Trog was pleased with you.
You were hungry.

You visited 1 branch of the dungeon, and saw 3 of its levels.

You collected 127 gold pieces.

Inventory:

Hand Weapons
 a - a +0 mace (weapon)
Jewellery
 e - a cursed ring of teleportation {unknown}
Scrolls
 d - 3 scrolls of identify {unknown}
 h - 2 scrolls of remove curse {unknown}
 i - 2 scrolls of immolation {unknown}
 l - a scroll of enchant armour {unknown}
 m - 2 scrolls of magic mapping {unknown}
 n - a scroll of enchant weapon {unknown}
Potions
 c - a potion of curing {unknown}
 g - a potion of brilliance {unknown}
 j - a potion of might {unknown}
Comestibles
 b - 4 bread rations
 f - a slice of pizza
 k - 5 chunks of flesh
 o - a beef jerky
 p - 2 fruits


   Skills:
 + Level 4.1 Fighting
 + Level 4.3 Maces & Flails
 + Level 3.5 Dodging


You had 3 spell levels left.
You didn't know any spells.

Dungeon Overview and Level Annotations

Branches:
Dungeon (3/15)

Altars:
Nemelex Xobeh
Xom

Annotations:
D:3 gitgud34's ghost, amateur MiFi


Innate Abilities, Weirdness & Mutations

Your plain brown scales are hard. (AC +5)
You cannot fit into any form of body armour.
You are cold-blooded and may be slowed by cold attacks.


Message History

You are feeling hungry.
Gitgud34's ghost hits you.
* * * LOW HITPOINT WARNING * * *
A quokka comes into view.
You hit gitgud34's ghost.
Your tail-slap misses gitgud34's ghost.
Gitgud34's ghost is lightly damaged.
Gitgud34's ghost barely misses you.
You closely miss gitgud34's ghost.
Gitgud34's ghost is lightly damaged.
The howler monkey hoots and howls with incredible vigour!
Gitgud34's ghost hits you.
* * * LOW HITPOINT WARNING * * *
You sock gitgud34's ghost!
Gitgud34's ghost is moderately damaged.
You barely miss gitgud34's ghost.
Your tail-slap misses gitgud34's ghost.
Gitgud34's ghost is moderately damaged.
Gitgud34's ghost hits you.
* * * LOW HITPOINT WARNING * * *
The quokka bites you.
You die...

....##............
.....##.#..#######
#..........###
#####.......... #
#........#..# ...
#........#.#.
##..### #...........
.#.....##g..........
#r@Wg.....%....
#.##h.......... #.
#...........
#..............
#..............
................
...#.#..#........ ..
.........#### .
.......####


You could see a howler monkey, gitgud34's ghost, a quokka, a hobgoblin and a
goblin.

Vanquished Creatures
  4 adders
  2 oozes
  4 worms (D:2)
  3 dart slugs
  A leopard gecko (D:1)
  2 giant cockroaches
  12 hobgoblins
  4 jackals (D:2)
  2 quokkas (D:2)
  10 bats
  3 goblins
  4 kobolds
  4 rats (D:1)
55 creatures vanquished.

Notes
Turn   | Place    | Note
-------+----------+-------------------------------------------
     0 | D:1      | Kloppie the Draconian Berserker began the quest for the Orb.
     0 | D:1      | Reached XP level 1. HP: 19/19 MP: 1/1
    69 | D:1      | Reached XP level 2. HP: 23/26 MP: 2/2
   367 | D:1      | Reached XP level 3. HP: 27/31 MP: 3/3
   743 | D:2      | Found a sparkling altar of Nemelex Xobeh.
   789 | D:2      | Reached ** piety under Trog
   976 | D:2      | Reached XP level 4. HP: 27/40 MP: 4/4
  1214 | D:2      | Found a shimmering altar of Xom.
  1628 | D:3      | Noticed gitgud34's ghost (amateur MiFi)
  1641 | D:3      | Noticed a hand axe
  1641 | D:3      | HP: 2/60 [gitgud34's ghost (5)]
  1643 | D:3      | Slain by a quokka

Skill      XL: |  1  2  3 |
---------------+----------+-----
Dodging        | 3 |  3.5
Fighting       | 4 |  4.1
Maces & Flails | 4 |  4.3

Action                   |  1- 3 |  4- 6 || total
-------------------------+-------+-------++-------
Melee: Mace              |   118 |    55 ||   173
       Tailslap          |    12 |     7 ||    19
Invok: Berserk           |     2 |     1 ||     3
       Trog's Hand       |       |     1 ||     1
 Stab: Sleeping          |     1 |       ||     1
  Eat: Chunk             |     1 |     4 ||     5
Armor: Skin              |    58 |     9 ||    67
Dodge: Dodged            |   121 |    41 ||   162
